 Dungeon Crawl Stone Soup version 0.23.2-1-ga50397a (webtiles) character file.

Game seed: 7695708178510555944

15283 Dharzhak the Cleaver (level 12, -5/104 HPs)
             Began as a Hill Orc Fighter on Apr 30, 2019.
             Was a High Priest of Beogh.
             Killed from afar by a raiju (10 damage)
             ... with a living lightning
             ... on level 1 of the Abyss on May 4, 2019.
             The game lasted 01:08:11 (14190 turns).

Dharzhak the Cleaver (Hill Orc Fighter)            Turns: 14190, Time: 01:08:11

Health: -5/104     AC: 20    Str: 24    XL:     12   Next: 25%
Magic:  18/18      EV:  7    Int:  8    God:    Beogh [*****.]
Gold:   584        SH: 15    Dex: 10    Spells: 11/11 levels left

rFire    . . .     SeeInvis .   i - +0 war axe (elec)
rCold    + + .     Gourm    .   c - +0 shield
rNeg     + . .     Faith    .   Q - +2 plate armour {rC+}
rPois    .         Spirit   .   q - +0 helmet
rElec    .         Reflect  +   J - scarf {repulsion}
rCorr    .         Harm     .   (no gloves)
MR       .....                  g - +2 pair of boots
Stlth    ..........             B - +3 amulet of reflection
HPRegen  0.27/turn              n - ring of protection from cold
MPRegen  0.16/turn              p - ring of positive energy

@: repel missiles
A: walk on water
a: Smiting, Recall Orcish Followers, Give Item to Named Follower, Renounce
Religion


You were on level 1 of the Abyss.
You worshipped Beogh.
Beogh was extremely pleased with you.
You were not hungry.

You visited 2 branches of the dungeon, and saw 12 of its levels.
You visited the Abyss 1 time.
You also visited: Sewer.

You collected 1184 gold pieces.
You spent 600 gold pieces at shops.

Inventory:

Hand Weapons
 a - a +0 war axe
 i - a +0 war axe of electrocution (weapon)
 j - a +0 morningstar of freezing
 S - a +0 giant spiked club
Missiles
 h - an exploding tomahawk
 A - 41 tomahawks
 E - 5 javelins
 L - 3 poisoned javelins (quivered)
Armour
 c - a +0 shield (worn)
 d - the +1 buckler of Inquiry {rPois rN+ Int-2 Dex+4}
   (You found it on level 5 of the Dungeon)

   It affects your intelligence (-2).
   It affects your dexterity (+4).
   It protects you from poison.
   It protects you from negative energy.
 g - a +2 pair of boots (worn)
 k - the +0 robe of the Lute {Regen+, unknown}
   (You found it on level 5 of the Dungeon)

   It increases your rate of regeneration.
 q - a +0 helmet (worn)
 I - a +3 plate armour
 J - a scarf of repulsion (worn)
 Q - a +2 plate armour of cold resistance (worn)
Magical Staves
 K - an uncursed staff of conjuration {unknown}
Jewellery
 n - a ring of protection from cold (left hand)
 p - a ring of positive energy (right hand)
 B - a +3 amulet of reflection (around neck)
 O - an uncursed ring of protection from cold
Wands
 b - a wand of paralysis (3)
 N - a wand of flame (17)
Scrolls
 o - a scroll of amnesia
 t - 11 scrolls of teleportation
 v - a scroll of fog
 x - 5 scrolls of fear
 y - 3 scrolls of magic mapping
 C - a scroll of noise {unknown}
 D - 2 scrolls of remove curse
 T - a scroll of summoning {unknown}
Potions
 e - a potion of cancellation
 l - a potion of heal wounds
 m - 3 potions of curing
 r - a potion of mutation
 s - 4 potions of flight
 u - 2 potions of agility
 w - a potion of magic
 z - a potion of berserk rage
 F - a potion of resistance
 G - 2 potions of lignification
 H - a potion of might
 M - a potion of invisibility
Comestibles
 f - 17 rations


   Skills:
 + Level 9.0 Fighting
 + Level 14.1 Axes
 + Level 0.6 Throwing
 + Level 8.9 Armour
 + Level 3.9 Dodging
 + Level 3.3 Stealth
 + Level 10.3 Shields
 * Level 8.2 Invocations


You had 11 spell levels left.
You didn't know any spells.
Your spell library contained the following spells:

 Spells                   Type           Power        Failure   Level  Hunger
 Confusing Touch          Hex            #.....       100%        1    ##.....
 Confuse                  Hex            #.......     100%        3    ####...
 Gell's Gravitas          Tloc           #.........   100%        3    ####...
 Petrify                  Tmut/Erth      #.......     100%        4    #####..
 Metabolic Englaciation   Hex/Ice        #.........   100%        5    ######.
 Yara's Violent Unravell  Hex/Tmut       #.........   100%        5    ######.


Dungeon Overview and Level Annotations

Branches:
Dungeon (10/15)            Temple (0/1) D:6             Orc (2/2) D:9
    Elf (0/3) Orc:2
   Lair: D:8-11

Altars:
Ashenzari
Dithmenos
Fedhas
Gozag
Kikubaaqudgha
Makhleb
Okawaru
Trog
Uskayaw
Beogh

Shops:
Orc:2 ![([([*(=

Annotations:
D:10 Erolcha


Message History

You hit the raiju but do no damage.
The raiju is heavily wounded.
The raiju bursts into living lightning!
The living lightning hits the raiju.
The raiju completely resists.
The living lightning hits you!
* * * LOW HITPOINT WARNING * * *
The raiju blinks!
You block the raiju's attack.
The small abomination hits you but does no damage.
You hear a bark!
Unknown command.
You completely miss the raiju.
The raiju is heavily wounded.
You hit the small abomination.
Lightning courses through the small abomination!
You block the small abomination's attack.
The raiju bursts into living lightning!
The living lightning hits you!
* * * LOW HITPOINT WARNING * * *
The living lightning hits you!
You die...

#..# . #...
# #... . .
#.. ### . #
####.##..#
.#.
...h#...# .
# # #....#
#. ..#
###x@h# .
#..###ยง...#
. #. #.#.#
..## . ....#
.# ## .....
.# .. #.#
.#. .# ..
..## . ..
.... .. .##
.... #.


You could see 2 raiju and a small abomination.

Vanquished Creatures
  A tentacled starspawn (Abyss:1)
  Harold (D:8)
  2 thrashing horrors (Abyss:1)
  2 orc sorcerers (Orc:2)
  Joseph (D:9)
  An ancient zyme (Abyss:1)
  A troll (D:9)
  A hornet (D:7)
  3 small abominations (Abyss:1)
  2 hippogriffs
  Sigmund (D:2)
  A shadow (Abyss:1)
  A fire elemental (Orc:2)
  2 wargs (Orc:2)
  Menkaure (D:5)
  A water moccasin (D:7)
  Purgy (Sewer)
  9 orc warriors
  An ice beast (D:9)
  2 sky beasts
  A black bear (D:5)
  13 ogres
  6 centaurs
  A big kobold (D:9)
  Blork the orc (D:6)
  7 bullfrogs
  4 scorpions
  6 killer bees (D:7)
  A crimson imp (D:10)
  A bullfrog zombie (D:5)
  9 orc wizards
  5 hounds
  2 jellies
  6 orc priests
  Crazy Yiuf (D:7)
  2 centaur skeletons
  4 iguanas
  Ijyb (D:3)
  10 worker ants
  A hound zombie (D:8)
  3 hound skeletons
  A worker ant zombie (D:7)
  4 gnolls (D:7)
  7 adders
  2 shadow imps
  A white imp (Abyss:1)
  An ooze (D:2)
  An adder zombie (D:3)
  2 worms
  A dart slug (D:4)
  13 leopard geckos
  37 orcs
  8 giant cockroaches
  8 goblins
  6 hobgoblins
  17 jackals
  4 kobolds
  2 quokkas
  A ball python (D:2)
  9 bats
  7 frilled lizards
  2 quokka skeletons
  A quokka zombie (D:7)
  9 rats
  2 starspawn tentacles (Abyss:1)
266 creatures vanquished.

Vanquished Creatures (collateral kills)
  Saint Roka (Orc:2)
  A stone giant (Orc:1)
  A troll (Orc:1)
  Prince Ribbit (D:7)
  A hungry ghost (D:9)
  3 wargs
  7 orc warriors
  A sky beast (D:8)
  An ice beast (D:10)
  A black bear (D:8)
  A bullfrog (D:6)
  A scorpion (D:7)
  A crimson imp (D:5)
  5 orc priests
  3 orc wizards (Orc:2)
  An iguana (D:6)
  An adder (D:9)
  An adder skeleton (D:6)
  13 orcs
  A frilled lizard (D:5)
  A jackal skeleton (D:5)
  A kobold (D:9)
48 creatures vanquished.

Vanquished Creatures (others)
  An orc high priest (Orc:2)
  An orc sorcerer (Orc:2)
  An orc knight (Orc:2)
  6 orc warriors (Orc:2)
  5 orc priests
  9 orc wizards
  41 orcs
  7 fungi (D:10)
  A plant (D:10)
  2 starspawn tentacles (Abyss:1)
74 creatures vanquished.

Grand Total: 388 creatures vanquished

Notes
Turn   | Place    | Note
-------+----------+-------------------------------------------
     0 | D:1      | Dharzhak the Hill Orc Fighter began the quest for the Orb.
     0 | D:1      | Reached XP level 1. HP: 19/19 MP: 1/1
    98 | D:1      | Reached XP level 2. HP: 25/27 MP: 2/2
   193 | D:1      | Reached skill level 3 in Axes
   569 | D:1      | Reached XP level 3. HP: 33/33 MP: 3/3
  1188 | D:2      | Noticed a centaur
  1190 | D:2      | Noticed Sigmund
  1633 | D:2      | Killed a centaur
  1633 | D:2      | Reached skill level 4 in Axes
  1633 | D:2      | Reached XP level 4. HP: 15/40 MP: 4/4
  1633 | D:2      | Reached XP level 5. HP: 17/46 MP: 5/5
  2064 | D:2      | Killed Sigmund
  2064 | D:2      | Reached skill level 5 in Axes
  2064 | D:2      | Reached skill level 1 in Dodging
  2064 | D:2      | Reached XP level 6. HP: 34/53 MP: 6/6
  2283 | D:3      | Noticed Ijyb
  2296 | D:3      | Paralysed by Ijyb for 7 turns
  2304 | D:3      | Killed Ijyb
  2335 | D:3      | Became a worshipper of Beogh the Brigand
  2857 | D:3      | You fall through a shaft!
  2917 | D:4      | Reached * piety under Beogh
  2974 | D:4      | Reached skill level 5 in Armour
  2974 | D:4      | Reached XP level 7. HP: 60/60 MP: 7/7
  3098 | D:3      | Found a shattered altar of Ashenzari.
  3244 | D:3      | Found an ancient bone altar of Kikubaaqudgha.
  3247 | D:3      | Found a shadowy altar of Dithmenos.
  3247 | D:3      | Found a hide-covered altar of Uskayaw.
  3260 | D:3      | Found an iron altar of Okawaru.
  3264 | D:3      | Found an opulent altar of Gozag.
  3322 | D:4      | Reached skill level 6 in Axes
  3352 | D:4      | Reached skill level 5 in Shields
  3884 | D:5      | Entered Level 5 of the Dungeon
  3884 | D:5      | Noticed Menkaure
  3889 | D:5      | Killed Menkaure
  3889 | D:5      | Reached skill level 5 in Fighting
  3889 | D:5      | Reached skill level 7 in Axes
  3919 | D:5      | Got a fine buckler
  3956 | D:5      | Got a ripped robe
  4014 | D:5      | Reached XP level 8. HP: 68/68 MP: 8/8
  4019 | D:5      | Reached ** piety under Beogh
  4024 | D:5      | Reached skill level 1 in Stealth
  4141 | D:5      | Found a glowing drain.
  4177 | Sewer    | Entered a sewer
  4251 | Sewer    | Reached skill level 8 in Axes
  4400 | Sewer    | Noticed Purgy
  4407 | Sewer    | Killed Purgy
  4505 | D:5      | Identified the +1 buckler of Inquiry {rPois rN+ Int-2
                  | Dex+4} (You found it on level 5 of the Dungeon)
  4646 | D:5      | You fall through a shaft for 3 floors!
  4719 | D:7      | Noticed a hornet
  4734 | D:7      | Killed a hornet
  4768 | D:7      | Reached skill level 9 in Axes
  4768 | D:7      | Reached XP level 9. HP: 58/75 MP: 9/9
  5137 | D:7      | Reached skill level 10 in Axes
  5483 | D:7      | Found a blossoming altar of Fedhas.
  5570 | D:5      | Reached *** piety under Beogh
  6551 | D:6      | Found a staircase to the Ecumenical Temple.
  6703 | D:6      | Reached skill level 1 in Invocations
  6816 | D:6      | Noticed Blork the orc
  6823 | D:6      | Killed Blork the orc
  7132 | D:6      | Reached XP level 10. HP: 86/86 MP: 10/10
  7280 | D:6      | Found a bloodstained altar of Trog.
  7285 | D:6      | Reached skill level 11 in Axes
  7624 | D:7      | Noticed Prince Ribbit
  7643 | D:7      | Killed Prince Ribbit
  7733 | D:7      | Found a runed translucent door.
  7734 | D:7      | Noticed Crazy Yiuf
  7754 | D:7      | Killed Crazy Yiuf
  8652 | D:8      | Reached **** piety under Beogh
  8668 | D:8      | Noticed Harold
  8680 | D:8      | Killed Harold
  9596 | D:9      | Found a staircase to the Orcish Mines.
  9603 | D:9      | Reached skill level 12 in Axes
  9675 | D:9      | Noticed Joseph
  9685 | D:9      | Killed Joseph
 10157 | Orc:1    | Entered Level 1 of the Orcish Mines
 10331 | Orc:2    | Entered Level 2 of the Orcish Mines
 10364 | Orc:2    | Found a roughly hewn altar of Beogh.
 10692 | Orc:2    | Found Coureo's Antique Armour Boutique.
 10730 | Orc:2    | Reached XP level 11. HP: 67/93 MP: 14/14
 10842 | Orc:2    | Found a roughly hewn altar of Beogh.
 10881 | Orc:2    | Gained Orik as an ally
 10935 | Orc:2    | Found Uneid's General Store.
 10935 | Orc:2    | Noticed an orc high priest
 10937 | Orc:2    | Found a staircase to the Elven Halls.
 11178 | Orc:2    | Found Viuv's Weapon Shoppe.
 11182 | Orc:2    | Reached skill level 5 in Invocations
 11456 | Orc:2    | Found a roughly hewn altar of Beogh.
 11459 | Orc:2    | Noticed an orc sorcerer
 11461 | Orc:2    | Found Bireugy's Antique Armour Shoppe.
 11464 | Orc:2    | Paralysed by an orc sorcerer for 2 turns
 11469 | Orc:2    | Killed an orc sorcerer
 11757 | Orc:2    | Found Orphuqac's Weapon Boutique.
 11809 | Orc:2    | Reached ***** piety under Beogh
 11917 | Orc:2    | Noticed an orc sorcerer
 11919 | Orc:2    | Noticed Saint Roka
 11923 | Orc:2    | Noticed an orc high priest
 11928 | Orc:2    | Killed an orc sorcerer
 11959 | Orc:2    | Your ally Orik died
 11960 | Orc:2    | Killed Saint Roka
 11960 | Orc:2    | Reached skill level 13 in Axes
 12244 | Orc:2    | Found Uked's Antique Armour Boutique.
 12245 | Orc:2    | Found a roughly hewn altar of Beogh.
 12249 | Orc:2    | Found Zumo's Antique Weapon Shop.
 12413 | Orc:2    | Found a roughly hewn altar of Beogh.
 12419 | Orc:2    | Found Jotwyet's Distillery.
 12507 | Orc:2    | Found a roughly hewn altar of Beogh.
 12659 | Orc:2    | Found a roughly hewn altar of Beogh.
 12779 | Orc:2    | Found Arghukk's Jewellery Emporium.
 12784 | Orc:2    | Bought a +3 amulet of reflection for 204 gold pieces
 12793 | Orc:2    | Found a roughly hewn altar of Beogh.
 13068 | Orc:2    | Bought a potion of heal wounds for 80 gold pieces
 13068 | Orc:2    | Bought a potion of invisibility for 128 gold pieces
 13068 | Orc:2    | Bought a potion of heal wounds for 80 gold pieces
 13068 | Orc:2    | Bought a potion of heal wounds for 80 gold pieces
 13144 | Orc:1    | Noticed a stone giant
 13149 | Orc:1    | Noticed an orc knight
 13152 | Orc:1    | Killed a stone giant
 13156 | Orc:1    | Reached skill level 10 in Shields
 13340 | Orc:1    | Found a burning altar of Makhleb.
 13685 | Orc:2    | Bought a scroll of identify for 28 gold pieces
 13787 | D:10     | Entered Level 10 of the Dungeon
 13877 | D:10     | Noticed Erolcha
 13894 | D:10     | Cast into level 1 of the Abyss (Erolcha)
 13988 | Abyss:1  | Noticed a tentacled starspawn
 13996 | Abyss:1  | Noticed a thrashing horror
 14002 | Abyss:1  | Noticed a thrashing horror
 14003 | Abyss:1  | Killed a tentacled starspawn
 14003 | Abyss:1  | Reached XP level 12. HP: 61/103 MP: 17/17
 14023 | Abyss:1  | Killed a thrashing horror
 14023 | Abyss:1  | Reached skill level 14 in Axes
 14032 | Abyss:1  | Killed a thrashing horror
 14190 | Abyss:1  | HP: 5/104 [raiju/living lightning (9)]
 14190 | Abyss:1  | Killed from afar by a raiju

Skill      XL: |  1  2  3  4  5  6  7  8  9 10 11 12 |
---------------+-------------------------------------+-----
Axes           | 3 4 5 7 9 10 12 13 14 | 14.1
Fighting       | 4 5 7 8 9 |  9.0
Armour         | 4 5 6 7 8 |  8.9
Shields        | 4 5 6 8 9 10 | 10.3
Dodging        | 1 2 3 |  3.9
Stealth        | 1 2 3 |  3.3
Invocations    | 1 4 7 8 |  8.2
Throwing       | |  0.6

Action                   |  1- 3 |  4- 6 |  7- 9 | 10-12 || total
-------------------------+-------+-------+-------+-------++-------
Melee: War axe           |   112 |   114 |   345 |   314 ||   885
Throw: Stone             |       |       |     3 |       ||     3
       Javelin           |       |       |       |     3 ||     3
Invok: Convert to Beogh  |       |     1 |       |       ||     1
       Recall Orcish Fol |       |       |       |     6 ||     6
       Smiting           |       |       |       |     3 ||     3
  Use: Potion            |     1 |     2 |     2 |     5 ||    10
       Scroll            |     4 |     1 |    12 |     5 ||    22
 Stab: Distracted        |       |       |     1 |     3 ||     4
  Eat: Chunk             |     2 |     5 |    13 |     9 ||    29
       Ration            |       |       |       |     5 ||     5
Armor: Scale mail        |    72 |       |       |       ||    72
       Chain mail        |    15 |    29 |       |       ||    44
       Ring mail         |       |    40 |   143 |    33 ||   216
       Plate armour      |       |       |       |    96 ||    96
Dodge: Dodged            |    49 |    28 |   141 |    75 ||   293
       Deflected         |       |       |       |     4 ||     4
Block: Shield            |    92 |    55 |   213 |   183 ||   543
       Reflection        |       |       |       |     1 ||     1
